 Dungeon Crawl Stone Soup version 0.31-b1-12-gca42e3d1b8 (webtiles) character file.

Game seed: 12234896851634504846

11 Arctor the Covered (level 2, -9/24 HPs)
             Began as a Human Fighter on Jan 14, 2024.
             Killed from afar by Natasha (10 damage)
             ... with a puff of flame
             ... on level 2 of the Dungeon.
             The game lasted 00:00:25 (668 turns).

Arctor the Covered (Human Fighter)                   Turns: 668, Time: 00:00:26

Health: -9/24      AC:  6    Str: 16    XL:     2   Next: 25%
Magic:  2/2        EV:  8    Int:  8    God:
Gold:   68         SH:  4    Dex: 12    Spells: 1/1 levels left

rFire   . . .        a - +0 war axe
rCold   . . .        c - +0 buckler
rNeg    . . .        b - +0 scale mail
rPois   .            (no helmet)
rElec   .            (no cloak)
rCorr   .            (no gloves)
SInv    .            (no boots)
Will    .....        (no amulet) Stlth
                     (no ring)
HPRegen 0.24/turn    (no ring)
MPRegen 0.08/turn

%: no passive effects
@: mighty, lethally poisoned (-9 -> -12)
A: explore regen
a: no special abilities


You were on level 2 of the Dungeon.
You visited 1 branch of the dungeon, and saw 2 of its levels.

You collected 68 gold pieces.

Inventory:

Hand Weapons
 a - a +0 war axe (weapon)
Armour
 b - a +0 scale mail (worn)
 c - a +0 buckler (worn)
 j - an orb of wrath
Scrolls
 e - a scroll of enchant armour {unknown}
 g - 2 scrolls of fog {unknown}
 h - a scroll of enchant weapon {unknown}
 i - a scroll of noise {unknown}
Potions
 f - a potion of degeneration {unknown}


   Skills:
 + Level 3.1 Fighting
 + Level 2.2 Axes
 + Level 3.1 Armour
 + Level 3.1 Shields


You had one spell level left.
You didn't know any spells.
Your spell library contained the following spells:

 Spells                   Type           Power      Damage    Failure   Level
 Freeze                   Ice            0%         1d3       90%         1
 Sandblast                Erth           0%         2d4       90%         1
 Passwall                 Erth           0%         N/A       99%         3
 Stone Arrow              Conj/Erth      0%         3d7       99%         3
 Brom's Barrelling Bould  Conj/Erth      0%         2d3       100%        4


Dungeon Overview and Level Annotations

Branches:
Dungeon (2/15)

Altars:

Shops:
D:1 !

Annotations:
D:2 Natasha


Innate Abilities, Weirdness & Mutations

You regain HP and MP as you explore.


Message History

j - an orb of wrath What level of the Dungeon? (default 1, ? - help)
There is a stone staircase leading down here.
You climb downwards.
Natasha hisses angrily.
You hear an angry hiss.
There is a stone staircase leading up here.
Natasha is nearby!
Natasha is nearby!
An adder comes into view.
The adder hisses angrily.
There are monsters nearby!
You hit Natasha.
Natasha is lightly wounded.
Natasha zaps a wand.
The puff of flame hits you!
There are monsters nearby!
You closely miss Natasha.
Natasha is lightly wounded.
You closely miss the adder. You block Natasha's attack.
The adder closely misses you. Natasha barely misses you.
You hit Natasha but do no damage.
Natasha is lightly wounded.
You hit the adder but do no damage. The adder bites you. x2
Natasha claws you!
* * * LOW HITPOINT WARNING * * *
Unknown command.
You feel very mighty all of a sudden. The adder bites you.
* * * LOW HITPOINT WARNING * * *
You are lethally poisoned!
The adder poisons you! Natasha claws you.
* * * LOW HITPOINT WARNING * * *
The adder bites you but does no damage.
You slash Natasha!
Natasha is severely wounded.
You miss the adder.
* * * LOW HITPOINT WARNING * * *
You feel sick. The adder bites you but does no damage.
Natasha zaps a wand.
The puff of flame hits you!
You die...
Natasha curls up and begins to purr.

..#
..+
..####
#....#
#.#..#
#.#..#
#.#S.#
#<@h#
#.#.#
#...#
#####


You could see Natasha and an adder.

Vanquished Creatures
  An endoplasm (D:1)
  3 giant cockroaches (D:1)
  A hobgoblin (D:1)
  2 kobolds (D:1)
  A quokka (D:1)
  A frilled lizard (D:1)
9 creatures vanquished.

Notes
Turn   | Place    | Note
-------+----------+-------------------------------------------
     0 | D:1      | Arctor the Human Fighter began the quest for the Orb.
     0 | D:1      | Reached XP level 1. HP: 18/18 MP: 1/1
    26 | D:1      | Found a faded altar of an unknown god.
    33 | D:1      | Got Plato's Parchment of Rime
   138 | D:1      | Reached XP level 2. HP: 24/24 MP: 2/2
   161 | D:1      | Found Eryh's Distillery.
   662 | D:2      | Noticed Natasha
   668 | D:2      | HP: 1/24 [poisoned by an adder]
   668 | D:2      | Killed from afar by Natasha

Illustrated notes

Levels and vault maps discovered:
D:1:      dpeg_arrival_tiny_a, layout_loops_cross, serial_shops, shop,
          shapermc_ecumenical_altar_rom_forum
D:2:      layout_basic, uniq_crazy_yiuf_cottage, uniq_natasha

Action                     || total
---------------------------++-------
  Melee: War axe           ||    26
    Use: Potion            ||     1
 Armour: Scale mail        ||    24
  Dodge: Dodged            ||    10
  Block: Buckler           ||     4
